 Dungeon Crawl Stone Soup version 0.31-a0-986-g5e6e4ef867 (webtiles) character file.

Game seed: 16988055474984151054

1414 monsoonserge the Mimic (level 8, -2/51 HPs)
             Began as an Octopode Shapeshifter on Nov 24, 2023.
             Slain by a white imp (4 damage)
             ... on level 5 of the Dungeon.
             The game lasted 00:11:43 (4601 turns).

monsoonserge the Mimic (Octopode Shapeshifter)      Turns: 4601, Time: 00:11:44

Health: -2/51      AC:  1    Str: 15    XL:     8   Next: 71%
Magic:  8/8        EV: 14    Int: 21    God:
Gold:   166        SH:  0    Dex: 22    Spells: 7/7 levels left

rFire   + .          .
                       - Unarmed
rCold   . . .        (shield currently unavailable)
rNeg    . . .        (helmet restricted)
rPois   .            (no amulet)
rElec   .            s - ring of protection from fire
rCorr   +            a - ring of Logemmyw {rCorr Int+3 Dex+4}
SInv    .            w - +6 ring of dexterity
Will    .....        x - +6 ring of intelligence
Stlth   +            (no ring)
HPRegen 0.28/turn    (no ring)
MPRegen 0.11/turn    (no ring)
                     (no ring)

%: no passive effects
@: flux-form, glowing
A: glow, contaminating, almost no armour, amphibious, 8 rings, camouflage 1,
gelatinous body 1, (nimble swimmer 1), tentacles
a: Begin Untransformation


You were on level 5 of the Dungeon.
You were something dangerously unstable.
You visited 1 branch of the dungeon, and saw 5 of its levels.

You collected 166 gold pieces.

Inventory:

Hand Weapons
 i - a +6 dagger of venom
 t - the +8 whip of the Sun {freeze, *Noise rC+ rN+ Dex+5}
   (You found it on level 4 of the Dungeon)

   Dex+5:     It affects your dexterity (+5).
   rC+:       It protects you from cold.
   rN+:       It protects you from negative energy.
   *Noise:    It may make a loud noise when swung.
Missiles
 h - 10 poisoned darts (quivered)
 l - 2 boomerangs
Armour
 v - a +0 kite shield
Jewellery
 a - the ring of Logemmyw (right tentacle) {rCorr Int+3 Dex+4}
   (You found it on level 4 of the Dungeon)

   [ring of resist corrosion]

   Int+3:     It affects your intelligence (+3).
   Dex+4:     It affects your dexterity (+4).
   rCorr:     It protects you from acid and corrosion.
 m - an amulet of faith
 r - a ring of ice
 s - a ring of protection from fire (left tentacle)
 w - a +6 ring of dexterity (on tentacle)
 x - a +6 ring of intelligence (on tentacle)
Talismans
 b - a beast talisman
 c - a flux talisman (active)
Wands
 q - a wand of charming (13)
Scrolls
 d - 4 scrolls of teleportation {unknown}
 f - 3 scrolls of identify {unknown}
 j - a scroll of silence {unknown}
 o - a scroll of fear {unknown}
Potions
 e - 2 potions of might {unknown}
 g - 2 potions of curing
 k - 2 potions of degeneration {unknown}
 n - a potion of mutation {unknown}
 p - 2 potions of resistance {unknown}
 u - a potion of attraction {unknown}


   Skills:
 + Level 2.5 Fighting
 + Level 2.1 Dodging
 + Level 0.4 Stealth
 * Level 6.6 Unarmed Combat
 - Level 1.0 Evocations
 + Level 8.0 Shapeshifting


You had 7 spell levels left.
You didn't know any spells.
Your spell library contained the following spells:

 Spells                   Type           Power      Damage    Failure   Level
 Scorch                   Fire           0%         2d5       26%         2
 Flame Wave               Conj/Fire      0%         2d4       87%         4
 Summon Cactus Giant      Summ           0%         N/A       100%        6


Dungeon Overview and Level Annotations

Branches:
Dungeon (5/15)
 Temple: D:4-7

Altars:
Cheibriados
Hepliaklqana
Xom

Annotations:
D:3 Sigmund
D:4 1 runed translucent door, Crazy Yiuf


Innate Abilities, Weirdness & Mutations

You are something dangerously unstable.
You glow with magical radiation, making you easy to see and hit.
Foes you strike become dangerously contaminated with magical radiation.
You are incapable of wielding weapons or throwing items.
You cannot wear most types of armour.
You are amphibious.
You can wear up to eight rings at the same time.
Your skin changes colour to match your surroundings (Stealth+).
Your rubbery body absorbs attacks. (AC +1, EV +1)
((You are camouflaged when in or above water. (Stealth+)))
You have tentacles for arms and can constrict up to eight enemies at once.


Message History

An iguana and a white imp come into view.
Found a fuming inky potion.
Found a stone staircase leading down.
The white imp shouts, "Run away, thou fulsome pigeon-egg lewdster!"
A centaur comes into view.
The white imp gestures at you. The puff of frost hits you!
The iguana hisses angrily.
The centaur shouts!
You tentacle-slap the quokka.
The quokka begins to glow.
You grab the quokka.
The quokka is heavily wounded.
You constrict the quokka. The quokka closely misses you.
The centaur wields a +0 shortbow.
The centaur shoots an arrow.
The arrow hits you!
You tentacle-slap the quokka.
You kill the quokka!
The centaur shoots an arrow.
The arrow hits you!
The white imp lashes its tail.
The white imp gestures at you. The puff of frost misses you.
You tentacle-slap the white imp.
The white imp begins to glow.
You grab the white imp.
The white imp is heavily wounded.
You constrict the white imp. The white imp hits you. The white imp freezes you.
* * * LOW HITPOINT WARNING * * *
Okay, then.
You release your grip on the white imp.
The centaur unwields a +0 shortbow.
The centaur barely misses you. The centaur kicks you.
* * * LOW HITPOINT WARNING * * *
The white imp closely misses you. The iguana bites you!
* * * LOW HITPOINT WARNING * * *
Unknown command.
You feel better. The centaur closely misses you.
The centaur completely misses you. The centaur hits you.
* * * LOW HITPOINT WARNING * * *
The centaur kicks you.
* * * LOW HITPOINT WARNING * * *
The white imp hits you.
* * * LOW HITPOINT WARNING * * *
The white imp freezes you.
You die...

#.# #.# #.#
#.# .# #.# #.#
#.##### #.#
#.# .......
#.###.##.....#
#............
####.#....!..
#...#.##
###.p.#
#8l5c8#
#........#
#...>....#
#..........
##..8....###
##...####
##.##


You could see a centaur, an iguana and a white imp (contam).

Vanquished Creatures
  Pikel (D:4)
  Grinder (D:3)
  Duvessa (D:5)
  2 ogres (D:4)
  3 lemures (D:4)
  A bullfrog (D:4)
  Dowan (D:5)
  2 orc priests
  Jessica (D:2)
  2 orc wizards
  Terence (D:3)
  Robin (D:2)
  7 gnolls (D:4)
  3 adders
  A worm (D:2)
  4 dart slugs
  10 orcs
  7 endoplasms
  4 giant cockroaches
  9 hobgoblins
  2 jackals (D:1)
  5 quokkas
  7 ball pythons
  6 bats
  5 frilled lizards
  11 goblins
  10 kobolds
  5 rats
113 creatures vanquished.

Notes
Turn   | Place    | Note
-------+----------+-------------------------------------------
     0 | D:1      | monsoonserge the Octopode Shapeshifter began the quest for
                  | the Orb.
     0 | D:1      | Reached XP level 1. HP: 13/13 MP: 1/1
    85 | D:1      | Reached XP level 2. HP: 7/18 MP: 2/2
   287 | D:1      | Reached XP level 3. HP: 23/23 MP: 3/3
   294 | D:1      | Reached skill level 4 in Shapeshifting
   839 | D:2      | Noticed Jessica
   846 | D:2      | Killed Jessica
   847 | D:2      | Reached XP level 4. HP: 7/28 MP: 4/4
  1049 | D:2      | Noticed Robin
  1056 | D:2      | Killed Robin
  1105 | D:2      | Reached skill level 5 in Shapeshifting
  1557 | D:3      | Noticed Terence
  1564 | D:3      | Killed Terence
  1565 | D:3      | Reached XP level 5. HP: 33/33 MP: 5/5
  1586 | D:3      | Found a shimmering altar of Xom.
  1856 | D:3      | Found a hazy altar of Hepliaklqana.
  1862 | D:3      | Found a snail-covered altar of Cheibriados.
  2227 | D:3      | Noticed Grinder
  2236 | D:3      | Paralysed by Grinder for 3 turns
  2239 | D:3      | Killed Grinder
  2240 | D:3      | Reached skill level 6 in Shapeshifting
  2240 | D:3      | Reached XP level 6. HP: 8/38 MP: 6/6
  2395 | D:3      | Noticed Sigmund
  2626 | D:4      | Reached skill level 7 in Shapeshifting
  2626 | D:4      | Reached XP level 7. HP: 43/43 MP: 7/7
  2713 | D:4      | Identified the +8 whip of the Sun {freeze, *Noise rC+ rN+
                  | Dex+5}
  2837 | D:4      | Reached skill level 1 in Evocations
  2991 | D:4      | HP: 3/64 [gnoll/+0 halberd (11)]
  3228 | D:4      | Noticed Pikel
  3264 | D:4      | Killed Pikel
  3265 | D:4      | Reached skill level 5 in Unarmed Combat
  3265 | D:4      | Reached XP level 8. HP: 20/50 MP: 8/8
  3396 | D:4      | Identified the ring of Logemmyw {rCorr Int+3 Dex+4}
  3422 | D:5      | Entered Level 5 of the Dungeon
  4080 | D:4      | Found a runed translucent door.
  4081 | D:4      | Noticed Crazy Yiuf
  4380 | D:5      | Noticed Duvessa
  4380 | D:5      | Noticed Dowan
  4384 | D:5      | Killed Duvessa
  4388 | D:5      | Killed Dowan
  4389 | D:5      | Reached skill level 8 in Shapeshifting
  4600 | D:5      | HP: 1/51 [iguana (12)]
  4601 | D:5      | Slain by a white imp

Illustrated notes

Levels and vault maps discovered:
D:1:      zelgadis_glass_arrival_small, layout_loops_ring,
          chequers_serial_rivers_micro_c
D:2:      layout_loops_ring, uniq_jessica, uniq_robin
D:3:      layout_loops_corners, lemuel_doored_altar,
          mainiacjoe_overflow_catch_the_wave, uniq_grinder, uniq_terence,
          uniq_sigmund
D:4:      layout_layer_cave, uniq_crazy_yiuf_cottage, uniq_pikel
D:5:      layout_loops_ring, minmay_temple_entry_trees, grunt_ministairs_1,
          uniq_duvessa

Skill      XL: |  1  2  3  4  5  6  7  8 |
---------------+-------------------------+-----
Shapeshifting  | 4 5 6 7 8 |  8.0
Evocations     | 1 |  1.0
Unarmed Combat | 5 6 |  6.6
Fighting       | 2 |  2.5
Dodging        | |  2.1
Stealth        | |  0.4

Action                     |  1- 3 |  4- 6 |  7- 9 || total
---------------------------+-------+-------+-------++-------
  Melee: Unarmed           |    68 |    17 |    84 ||   169
         Tentacles         |    15 |     9 |    25 ||    49
         Constrict         |    14 |    20 |    23 ||    57
         Punch             |     3 |     1 |       ||     4
         Dagger            |       |    69 |       ||    69
  Throw: Dart              |       |       |     5 ||     5
         Boomerang         |       |       |     5 ||     5
Ability: Begin Untransform |       |     1 |       ||     1
    Use: Potion            |       |       |     3 ||     3
   Stab: Sleeping          |     4 |     3 |       ||     7
 Armour: Skin              |    25 |    28 |    71 ||   124
  Dodge: Dodged            |    24 |    39 |    40 ||   103
   Form: Flux              |       |     2 |       ||     2

Table legend: (Time is in decaauts)
 A = Elapsed time spent in this place.
 B = Non-inter-level travel time spent in this place.
 C = Inter-level travel time spent in this place.
 D = Time resting spent in this place.
 E = Time spent auto-exploring this place.
 F = Levels seen in this place.
 G = Mean time per level.
                   A        B        C        D        E       F      G
               +--------+--------+--------+--------+--------+-----+--------+
         Total |   4588 |   4479 |    109 |    727 |   2687 |   5 |  917.6 |
       Dungeon |   4588 |   4479 |    109 |    727 |   2687 |   5 |  917.6 |
               +--------+--------+--------+--------+--------+-----+--------+

Top non-repeatable levels by time:
     D:4: 1775 daAuts
     D:3: 868 daAuts
     D:2: 796 daAuts
     D:1: 766 daAuts
     D:5: 381 daAuts
